 Dungeon Crawl Stone Soup version 0.31-a0-180-g519b7de00c (webtiles) character file.

Game seed: 2995064317012001346

5644 qw the Cleaver (level 10, -4/64 HPs)
             Began as a Gargoyle Fighter on June 19, 2023.
             Was a Believer of Okawaru.
             Killed from afar by an ophan (35 damage)
             ... with a bolt of fire
             ... on level 2 of the Abyss.
             The game lasted 00:04:11 (8370 turns).

qw the Cleaver (Gargoyle Fighter)                   Turns: 8370, Time: 00:04:11

Health: -4/64      AC: 26    Str: 25    XL:     10   Next: 74%
Magic:  11/13      EV: 15    Int:  8    God:    Okawaru [**....]
Gold:   449        SH:  7    Dex: 15    Spells: 9/9 levels left

rFire   . . .        Y - +3 war axe
rCold   . . .        c - +0 buckler
rNeg    + . .        p - +0 plate armour
rPois   inf          (no helmet)
rElec   +            f - +0 cloak {Will+}
rCorr   .            e - +1 pair of gloves
SInv    .            (no boots)
Will    +....        (no amulet) Stlth
                     a - +5 ring of evasion
HPRegen 0.30/turn    b - +6 ring of dexterity
MPRegen 0.13/turn

%: no passive effects
@: heroic, glowing
A: sickness immunity, AC +7, negative energy resistance 1, electricity
resistance, torment resistance 1, petrification resistance
a: Renounce Religion, Heroism


You were on level 2 of the Abyss.
You worshipped Okawaru.
Okawaru was pleased with you.
You visited 2 branches of the dungeon, and saw 10 of its levels.
You visited the Abyss 1 time.

You collected 482 gold pieces.
You spent 33 gold pieces at shops.


Innate Abilities, Weirdness & Mutations

You are immune to sickness and miasma.
Your stone body is resilient. (AC +7)
You are immune to poison.
You resist negative energy. (rN+)
You are resistant to electric shocks. (rElec)
You are resistant to unholy torment.
You are immune to petrification.


   Skills:
 - Level 8.1(13.1) Fighting
 + Level 10.6(15.6) Axes
 - Level 1.3(6.3) Throwing
 - Level 7.1(12.1) Armour
 - Level 2.3(7.3) Dodging
 - Level 5.0(10.0) Shields
 - Level 4.0 Invocations


You had 9 spell levels left.
You didn't know any spells.
Your spell library was empty.

Inventory:

Hand Weapons
 i - a -3 eveningstar
 Y - a +3 war axe (weapon)
Armour
 c - a +0 buckler (worn)
 e - a +1 pair of gloves (worn)
 f - a +0 cloak of willpower (worn)
 p - a +0 plate armour (worn)
Jewellery
 a - a +5 ring of evasion (left hand)
 b - a +6 ring of dexterity (right hand)
 r - a ring of fire
Scrolls
 h - 3 scrolls of teleportation
 j - a scroll of identify
Potions
 d - 4 potions of might
 g - 4 potions of curing
 k - a potion of heal wounds
 l - a potion of mutation
 m - 2 potions of magic
 n - a potion of attraction
 o - a potion of lignification
 q - a potion of brilliance {unknown}
 t - a potion of degeneration {unknown}

Dungeon Overview and Level Annotations

Branches:
Dungeon (9/15)             Temple (1/1) D:5
   Lair: D:8-11         Orc: D:9-12

Altars:
Ashenzari
Cheibriados
Dithmenos
Elyvilon
Fedhas
Gozag
Hepliaklqana
Kikubaaqudgha
Makhleb
Nemelex Xobeh
Okawaru
Qazlal
Ru
Sif Muna
Trog
Uskayaw
Vehumet
Wu Jian
Xom
Yredelemnul
Zin
The Shining One

Shops:
D:3 (

Annotations:
D:3 3 runed translucent doors, qw's ghost, amateur GrFi; qw's ghost, amateur NaHu
D:9 Erolcha


Message History

The nagaraja zombie constricts you.
You hit the nagaraja zombie.
The nagaraja zombie is almost destroyed.
You hit the nagaraja zombie.
The nagaraja zombie is almost destroyed.
The nagaraja zombie closely misses you. The nagaraja zombie constricts you.
You slash the nagaraja zombie!
The nagaraja zombie is almost destroyed.
You hit the nagaraja zombie.
The nagaraja zombie is almost destroyed.
The nagaraja zombie hits you. The nagaraja zombie constricts you.
You slice the nagaraja zombie!!
You destroy the nagaraja zombie!
Okawaru accepts your kill.
You start resting.
Magic restored.
You start resting.
You feel like a meek peon again.
An ophan is cast out of reality.
8363 ||| INVOKING Heroism.
You gain the combat prowess of a mighty hero.
The ophan turns its gaze towards you.
You slash the ophan!
The ophan is lightly wounded.
You slash the ophan!
The ophan is lightly wounded.
The ophan calls forth blessed flames!
Blessed fire suddenly surrounds you!
You barely miss the ophan.
The ophan is lightly wounded.
You slash the ophan!
The ophan is moderately wounded.
You barely miss the ophan.
The ophan is moderately wounded.
You hit the ophan but do no damage.
The ophan is moderately wounded.
The ophan harnesses the cleansing power of fire!
The bolt of fire hits you!!
Ouch! That really hurt!
You die...

. .. ..... . .
... . .. . # # #
# ##.# .# ..# # .
.. ## . .... ...
##.... # ..... #.
#
..#..######.....
.###
##......¤¤¤......
. # ## . #¤@¤.#..
# ..
..#..¤¤G...... .
. ..
######..###.... .
.. .. #.... ....
. .. .# #..#.#
.## ... #.##... .
. . +. .#.# . .
.. #.. .# . . ..
..


You could see an ophan.

Vanquished Creatures
  Pikel (D:6)
  Joseph (D:7)
  A naga zombie (Abyss:2)
  A wraith (D:9)
  3 yaks (D:9)
  3 steam dragons
  2 vampire mosquitoes (D:8)
  Menkaure (D:6)
  Edmund (D:6)
  An ice beast (D:6)
  4 black bears
  An orc warrior (D:8)
  A sky beast (D:6)
  4 ogres
  A centaur (D:9)
  A kobold brigand (D:7)
  4 lemures (D:6)
  2 gnoll sergeants (D:6)
  7 scorpions
  2 bullfrogs (D:7)
  3 wights (D:8)
  4 killer bees (D:9)
  A howler monkey (D:8)
  2 hounds (D:4)
  2 jellies (D:6)
  4 orc priests
  A sleepcap (D:6)
  2 iguanas (D:6)
  6 orc wizards
  18 gnolls
  11 adders
  A shadow imp (D:6)
  A white imp (D:6)
  An ufetubus (D:6)
  A dart slug (D:2)
  A worm (D:2)
  26 orcs
  6 endoplasms
  A giant cockroach (D:3)
  27 goblins
  29 hobgoblins
  2 jackals (D:3)
  5 quokkas
  7 ball pythons
  7 bats
  3 frilled lizards
  11 kobolds
  8 rats
233 creatures vanquished.

Vanquished Creatures (others)
  2 orcs (D:7)
2 creatures vanquished.

Grand Total: 235 creatures vanquished

Notes
Turn   | Place    | Note
-------+----------+-------------------------------------------
     0 | D:1      | qw the Gargoyle Fighter began the quest for the Orb.
     0 | D:1      | Reached XP level 1. HP: 14/14 MP: 1/1
     0 | D:1      | 0 ||| qw: Version: 0.3-a-7-ge0c9b40
     0 | D:1      | 0 ||| qw: Game counter: 1029
     0 | D:1      | 0 ||| qw: Always use a shield: true
     0 | D:1      | 0 ||| qw: God list: Okawaru
     0 | D:1      | 0 ||| qw: Allow faded altars: false
     0 | D:1      | 0 ||| qw: Do Orc after D:15 true
     0 | D:1      | 0 ||| qw: Do second Lair branch before Depths: true
     0 | D:1      | 0 ||| qw: Lair rune preference: random
     0 | D:1      | 0 ||| qw: Plans: Normal, Zot:1-4, Slime:5, God:TSO, Crypt,
                  | Tomb, Abyss, Pan, Hells, Win
     0 | D:1      | 0 ||| PLANNING D:1-11
   114 | D:1      | Found a faded altar of an unknown god.
   212 | D:1      | Reached skill level 2 in Axes
   212 | D:1      | 212 ||| Stepping ~*~*~tactically~*~*~ (stealth).
   214 | D:1      | 214 ||| Stepping ~*~*~tactically~*~*~ (stealth).
   223 | D:1      | 223 ||| Stepping ~*~*~tactically~*~*~ (stealth).
   318 | D:1      | Reached XP level 2. HP: 19/19 MP: 2/2
   629 | D:1      | 629 ||| READING scroll labelled EFIAXT BIACVIA.
   630 | D:1      | 630 ||| READING scroll labelled ROVEOXKYOPP.
   631 | D:1      | 631 ||| READING scroll labelled LEFRAQAFAFF.
   632 | D:1      | 632 ||| READING scroll labelled YMOLAXZELY.
   633 | D:1      | 633 ||| READING scroll labelled NEROXI IVIG.
   633 | D:1      | Identified a scroll of acquirement
   633 | D:1      | 633 ||| ACQUIRING +5 ring of evasion
   633 | D:1      | Acquired a +5 ring of evasion
   635 | D:1      | 635 ||| UPGRADING to +5 ring of evasion.
   712 | D:2      | Reached skill level 3 in Axes
   712 | D:2      | Reached XP level 3. HP: 23/23 MP: 3/3
   717 | D:2      | 717 ||| Stepping ~*~*~tactically~*~*~ (hiding).
  1143 | D:2      | Reached XP level 4. HP: 28/28 MP: 4/4
  1244 | D:2      | 1244 ||| Stepping ~*~*~tactically~*~*~ (hiding).
  1245 | D:2      | 1245 ||| Stepping ~*~*~tactically~*~*~ (hiding).
  1559 | D:2      | Reached skill level 4 in Axes
  1637 | D:2      | 1637 ||| UPGRADING to +0 pair of gloves.
  1642 | D:2      | 1642 ||| UPGRADING to +0 chain mail.
  1652 | D:2      | 1652 ||| DROPPING +0 scale mail.
  1653 | D:2      | 1653 ||| UPGRADING to +0 cloak.
  1658 | D:2      | 1658 ||| READING scroll labelled KINOR PIVIDUU.
  1659 | D:2      | 1659 ||| READING scroll labelled TAMIUWUKAE.
  1662 | D:2      | 1662 ||| READING scroll labelled OPRE YCAIPHOLO.
  1663 | D:2      | 1663 ||| READING scroll labelled BUF OMOYMPUO.
  1664 | D:2      | 1664 ||| DRINKING 3 purple potions.
  1727 | D:3      | Found Paebbigi's Weapon Shop.
  1736 | D:3      | 1736 ||| BUYING +0 mace (33 gold).
  1736 | D:3      | Bought a +0 mace for 33 gold pieces
  1736 | D:3      | 1736 ||| SHOPLISTING +4 heavy war axe (311 gold, have 34).
  1736 | D:3      | 1736 ||| DROPPING +0 whip.
  1756 | D:3      | 1756 ||| Stepping ~*~*~tactically~*~*~ (stealth).
  1757 | D:3      | 1757 ||| Stepping ~*~*~tactically~*~*~ (stealth).
  1758 | D:3      | 1758 ||| Stepping ~*~*~tactically~*~*~ (stealth).
  1759 | D:3      | 1759 ||| Stepping ~*~*~tactically~*~*~ (stealth).
  1760 | D:3      | 1760 ||| Stepping ~*~*~tactically~*~*~ (stealth).
  1870 | D:3      | 1870 ||| DROPPING +0 mace.
  2390 | D:3      | Found a glowing silver altar of Zin.
  2604 | D:3      | Found a runed translucent gate.
  2604 | D:3      | Found a runed translucent gate.
  2607 | D:3      | Found a runed translucent gate.
  2607 | D:3      | Noticed qw's ghost (amateur NaHu)
  2607 | D:3      | Noticed qw's ghost (amateur GrFi)
  2612 | D:3      | 2612 ||| UPGRADING to +6 ring of dexterity.
  2613 | D:3      | 2613 ||| DRINKING 2 murky white potions.
  2684 | D:4      | Reached skill level 1 in Dodging
  2684 | D:4      | Reached XP level 5. HP: 32/32 MP: 5/5
  2687 | D:4      | 2687 ||| READING scroll of enchant weapon.
  2687 | D:4      | 2687 ||| ENCHANTING +1 war axe.
  2692 | D:4      | 2692 ||| Stepping ~*~*~tactically~*~*~ (stealth).
  2694 | D:4      | 2694 ||| Stepping ~*~*~tactically~*~*~ (stealth).
  2706 | D:4      | Reached skill level 5 in Axes
  2706 | D:4      | Reached XP level 6. HP: 31/37 MP: 6/6
  3170 | D:4      | 3170 ||| READING scroll labelled BANYONT GIULE.
  3197 | D:4      | 3197 ||| DRINKING 2 emerald potions.
  3198 | D:4      | 3198 ||| READING 2 scrolls of identify.
  3198 | D:4      | 3198 ||| IDENTIFYING sedimented brown potion
  3216 | D:5      | Entered Level 5 of the Dungeon
  3288 | D:5      | 3288 ||| Stepping ~*~*~tactically~*~*~ (hiding).
  3309 | D:5      | 3309 ||| Stepping ~*~*~tactically~*~*~ (hiding).
  3321 | D:5      | 3321 ||| DRINKING 3 potions of curing.
  3321 | D:5      | 3321 ||| (to cure confusion)
  3324 | D:5      | 3324 ||| DRINKING 2 potions of curing.
  3324 | D:5      | 3324 ||| (to cure confusion)
  3326 | D:5      | Reached skill level 6 in Axes
  3326 | D:5      | Reached XP level 7. HP: 43/43 MP: 7/7
  3340 | D:5      | 3340 ||| DROPPING +0 flail.
  3358 | D:5      | 3358 ||| Stepping ~*~*~tactically~*~*~ (hiding).
  3359 | D:5      | 3359 ||| Stepping ~*~*~tactically~*~*~ (hiding).
  3416 | D:5      | 3416 ||| READING scroll of enchant weapon.
  3416 | D:5      | 3416 ||| ENCHANTING +2 war axe.
  3451 | D:5      | Found a bloodstained altar of Trog.
  3742 | D:5      | 3742 ||| Stepping ~*~*~tactically~*~*~ (stealth).
  3775 | D:5      | Reached skill level 7 in Axes
  3967 | D:5      | Reached XP level 8. HP: 50/50 MP: 8/8
  4262 | D:5      | Found a staircase to the Ecumenical Temple.
  4263 | D:5      | 4263 ||| PLANNING TEMPLE
  4263 | D:5      | 4263 ||| READING 3 scrolls labelled SUALOS TUODUFU.
  4264 | D:5      | 4264 ||| DROPPING 2 scrolls of revelation.
  4273 | Temple   | Entered the Ecumenical Temple
  4346 | Temple   | 4346 ||| PLANNING OKAWARU WORSHIP
  4570 | Temple   | Became a worshipper of Warmaster Okawaru
  4571 | Temple   | 4571 ||| PLANNING D:1-11
  4790 | D:6      | Noticed Menkaure
  4791 | D:6      | 4791 ||| Stepping ~*~*~tactically~*~*~ (hiding).
  4797 | D:6      | Killed Menkaure
  4870 | D:6      | Reached skill level 8 in Axes
  4874 | D:6      | HP: 10/50 [gnoll/+0 flail[a gnoll sergeant] (6)]
  4875 | D:6      | 4875 ||| DRINKING potion of heal wounds.
  4878 | D:6      | Reached * piety under Okawaru
  4879 | D:6      | 4879 ||| INVOKING Heroism.
  4881 | D:6      | HP: 2/50 [gnoll sergeant/+0 trident (11)]
  4960 | D:6      | Reached skill level 6 in Fighting
  5056 | D:6      | 5056 ||| DROPPING +2 heavy flail.
  5091 | D:6      | 5091 ||| INVOKING Heroism.
  5150 | D:6      | Noticed Pikel
  5151 | D:6      | Noticed Edmund
  5153 | D:6      | 5153 ||| Stepping ~*~*~tactically~*~*~ (hiding).
  5154 | D:6      | 5154 ||| Stepping ~*~*~tactically~*~*~ (hiding).
  5177 | D:6      | Killed Pikel
  5177 | D:6      | Reached ** piety under Okawaru
  5178 | D:6      | Reached skill level 9 in Axes
  5178 | D:6      | Reached XP level 9. HP: 17/55 MP: 9/9
  5178 | D:6      | 5178 ||| INVOKING Heroism.
  5179 | D:6      | Killed Edmund
  5180 | D:6      | Reached skill level 1 in Invocations
  5576 | D:6      | 5576 ||| INVOKING Heroism.
  5593 | D:6      | 5593 ||| INVOKING Heroism.
  5684 | D:6      | 5684 ||| INVOKING Heroism.
  5712 | D:6      | 5712 ||| Stepping ~*~*~tactically~*~*~ (hiding).
  5715 | D:6      | 5715 ||| Stepping ~*~*~tactically~*~*~ (hiding).
  5725 | D:6      | Reached skill level 3 in Invocations
  5730 | D:6      | 5730 ||| Stepping ~*~*~tactically~*~*~ (stealth).
  5739 | D:6      | 5739 ||| Stepping ~*~*~tactically~*~*~ (stealth).
  5783 | D:6      | 5783 ||| READING scroll of enchant armour.
  5783 | D:6      | 5783 ||| ENCHANTING +0 pair of gloves.
  5880 | D:6      | 5880 ||| UPGRADING to +1 chain mail of willpower.
  5890 | D:6      | 5890 ||| DROPPING +0 chain mail.
  5891 | D:6      | 5891 ||| READING scroll labelled MAWNUMM YTES.
  5892 | D:6      | 5892 ||| READING scroll labelled TUWOALINEDD.
  5893 | D:6      | 5893 ||| READING scroll labelled EQEOPR PUFFUSI.
  5968 | D:7      | 5968 ||| Stepping ~*~*~tactically~*~*~ (stealth).
  5970 | D:7      | 5970 ||| Stepping ~*~*~tactically~*~*~ (hiding).
  5972 | D:7      | 5972 ||| INVOKING Heroism.
  6112 | D:7      | Noticed Joseph
  6117 | D:7      | Found a snail-covered altar of Cheibriados.
  6127 | D:7      | Killed Joseph
  6160 | D:7      | Found a hide-covered altar of Uskayaw.
  6163 | D:7      | Found a radiant altar of Vehumet.
  6287 | D:7      | 6287 ||| INVOKING Heroism.
  6383 | D:7      | Identified the +9 triple sword "Zaddiz" {freeze, Dex+3}
  6484 | D:7      | Reached XP level 10. HP: 63/63 MP: 13/13
  6532 | D:7      | Reached skill level 10 in Axes
  6559 | D:7      | 6559 ||| DROPPING +0 morningstar.
  6560 | D:7      | 6560 ||| DROPPING +1 flail of holy wrath.
  6669 | D:7      | 6669 ||| Stepping ~*~*~tactically~*~*~ (hiding).
  6671 | D:7      | 6671 ||| INVOKING Heroism.
  6682 | D:7      | 6682 ||| Stepping ~*~*~tactically~*~*~ (cloud).
  6683 | D:7      | 6683 ||| Stepping ~*~*~tactically~*~*~ (cloud).
  6949 | D:7      | 6949 ||| READING scroll labelled FEUBOO CULO.
  7050 | D:7      | 7050 ||| READING 3 scrolls of identify.
  7050 | D:7      | 7050 ||| IDENTIFYING fizzy purple potion
  7051 | D:7      | 7051 ||| READING 2 scrolls of identify.
  7051 | D:7      | 7051 ||| IDENTIFYING fizzy black potion
  7052 | D:7      | 7052 ||| DROPPING potion of ambrosia.
  7111 | D:8      | Reached skill level 1 in Throwing
  7191 | D:8      | 7191 ||| INVOKING Heroism.
  7193 | D:8      | 7193 ||| Stepping ~*~*~tactically~*~*~ (hiding).
  7194 | D:8      | 7194 ||| Stepping ~*~*~tactically~*~*~ (hiding).
  7195 | D:8      | 7195 ||| Stepping ~*~*~tactically~*~*~ (hiding).
  7196 | D:8      | 7196 ||| Stepping ~*~*~tactically~*~*~ (hiding).
  7235 | D:8      | 7235 ||| Stepping ~*~*~tactically~*~*~ (hiding).
  7236 | D:8      | 7236 ||| Stepping ~*~*~tactically~*~*~ (hiding).
  7238 | D:8      | 7238 ||| INVOKING Heroism.
  7244 | D:8      | 7244 ||| Stepping ~*~*~tactically~*~*~ (hiding).
  7811 | D:8      | 7811 ||| UPGRADING to +0 cloak of willpower.
  7821 | D:8      | 7821 ||| UPGRADING to +0 plate armour.
  7831 | D:8      | 7831 ||| DROPPING +0 cloak.
  7832 | D:8      | 7832 ||| DROPPING +1 chain mail of willpower.
  7833 | D:8      | 7833 ||| DROPPING +0 scale mail of cold resistance.
  7834 | D:8      | 7834 ||| READING 2 scrolls of identify.
  7834 | D:8      | 7834 ||| IDENTIFYING sedimented orange potion
  7896 | D:9      | 7896 ||| INVOKING Heroism.
  7897 | D:9      | 7897 ||| Stepping ~*~*~tactically~*~*~ (cloud).
  7907 | D:9      | Reached skill level 6 in Armour
  7973 | D:9      | 7973 ||| FLEEEEING.
  7977 | D:9      | 7977 ||| STAIRDANCE
  8073 | D:9      | Reached *** piety under Okawaru
  8258 | D:9      | Noticed Erolcha
  8260 | D:9      | 8260 ||| INVOKING Heroism.
  8266 | Abyss:2  | Cast into level 2 of the Abyss (Erolcha)
  8325 | Abyss:2  | 8325 ||| Stepping ~*~*~tactically~*~*~ (stealth).
  8334 | Abyss:2  | 8334 ||| INVOKING Heroism.
  8363 | Abyss:2  | Noticed an ophan
  8363 | Abyss:2  | 8363 ||| INVOKING Heroism.
  8370 | Abyss:2  | Killed from afar by an ophan

Levels and vault maps discovered:
D:1:      wander_arrival_estate, layout_basic,
          shapermc_ecumenical_altar_flowoftime
D:2:      layout_basic
D:3:      layout_loops_corners, lemuel_coloured_pillars_altar, serial_shops,
          shop, gammafunk_ghost_cemetery
D:4:      layout_cave_pools, serial_park, serial_park_paths
          [serial_park_minivault_5x5_7], serial_park_avenue1, serial_park_gazebo
          [serial_park_minivault_5x5_6]
D:5:      minmay_goblin_kobold_castle, layout_basic, trog_three_pillars_becter,
          minmay_temple_entry_poolview
D:6:      layout_rooms, kennysheep_donut, palyth_stone_intersect, minmay_bent,
          uniq_menkaure, uniq_edmund, uniq_pikel
D:7:      old_forge, layout_gridville, minmay_overflow_temple_star_quad,
          kennysheep_nub, uniq_joseph
D:8:      layout_gridville
D:9:      layout_irregular_city, chequers_serial_rivers_room_a, uniq_erolcha
Temple:   minmay_temple_bridge_d
Abyss:2:  base:
D:1

Skill      XL: |  1  2  3  4  5  6  7  8  9 10 |
---------------+-------------------------------+-----
Axes           | 2 3 4 5 6 7 9 10 | 10.6
Dodging        | 1 2 |  2.3
Fighting       | 4 5 6 7 8 |  8.1
Armour         | 4 5 7 |  7.1
Invocations    | 4 |  4.0
Shields        | 4 5 |  5.0
Throwing       | 1 |  1.3

Action                     |  1- 3 |  4- 6 |  7- 9 | 10-12 || total
---------------------------+-------+-------+-------+-------++-------
  Melee: War axe           |    93 |   111 |   298 |   131 ||   633
  Throw: Boomerang         |       |    31 |     7 |     7 ||    45
 Invoke: Heroism           |       |       |     8 |     7 ||    15
    Use: Scroll            |     5 |     7 |     6 |     4 ||    22
         Potion            |       |     5 |     1 |       ||     6
   Stab: Held in net/web   |       |       |     1 |       ||     1
 Armour: Scale mail        |    38 |     1 |       |       ||    39
         Chain mail        |       |    52 |   133 |    23 ||   208
         Plate armour      |       |       |       |    44 ||    44
  Dodge: Dodged            |    38 |    69 |   217 |    63 ||   387
  Block: Buckler           |    15 |    30 |    80 |    20 ||   145

Table legend:
 A = Non-vault XP
 B = Vault XP
 C = Vault XP percentage of total XP
 D = Non-vault monster count
 E = Vault monster count
 F = Vault count percentage of total count
                 A         B        C        D         E       F
            +---------+---------+-------+---------+---------+-------
      Total |    5360 |    2703 |  33.5 |     154 |      74 |  32.5
            +---------+---------+-------+---------+---------+-------
        D:1 |      21 |       0 |   0.0 |      15 |       0 |   0.0
        D:2 |      78 |       0 |   0.0 |      24 |       0 |   0.0
        D:3 |      49 |       0 |   0.0 |      19 |       0 |   0.0
        D:4 |     349 |       0 |   0.0 |      20 |       0 |   0.0
        D:5 |     616 |     228 |  27.0 |      18 |      54 |  75.0
        D:6 |     644 |    1565 |  70.8 |      21 |      11 |  34.4
        D:7 |     714 |     910 |  56.0 |      14 |       9 |  39.1
        D:8 |    1040 |       0 |   0.0 |      12 |       0 |   0.0
        D:9 |    1363 |       0 |   0.0 |      10 |       0 |   0.0
    Abyss:2 |     486 |       0 |   0.0 |       1 |       0 |   0.0
            +---------+---------+-------+---------+---------+-------
